 Dungeon Crawl Stone Soup version 0.18.1-8-gdd0e5ea (webtiles) character file.

29 Krapule the Insei (level 3, 0/26 HPs)
             Began as a Demonspawn Transmuter on June 5, 2016.
             Slain by a jackal (3 damage)
             ... on level 1 of the Dungeon.
             The game lasted 00:02:02 (1039 turns).

Krapule the Insei (Demonspawn Transmuter)           Turns: 1039, Time: 00:02:03

Health: 0/26       AC:  3    Str: 10    XL:     3   Next: 1%
Magic:  6/6        EV: 12    Int: 14    God:
Gold:   30         SH:  0    Dex: 14    Spells: 1 memorised, 5 levels left

rFire  . . .     SeeInvis .       - Unarmed
rCold  + . .     Gourm    .     b - +0 robe
rNeg   . . .     Faith    .     (no shield)
rPois  .         Spirit   .     (no helmet)
rElec  .         Dismiss  .     (no cloak)
rCorr  .         Reflect  .     g - +0 pair of gloves
SustAt .         Harm     .     (no boots)
MR     .....                    (no amulet)
Stlth  +.........               (no ring)
                                (no ring)

@: not resistant to hostile enchantments, very unstealthy
A: cold resistance 1, powered by pain 1
a: no special abilities


You were on level 1 of the Dungeon.
You were hungry.

You visited 1 branch of the dungeon, and saw 1 of its levels.

You collected 30 gold pieces.

Inventory:

Missiles
 a - 12 arrows
Armour
 b - a +0 robe (worn)
 g - a +0 pair of gloves (worn)
Scrolls
 f - a scroll of blinking {unknown}
Potions
 e - a potion of curing {unknown}
Books
 c - a book of Changes

   Spells                             Type                      Level
   a - Beastly Appendage              Transmutation                1
   b - Sticks to Snakes               Transmutation                2
   c - Spider Form                    Transmutation/Poison         3
   d - Ice Form                       Ice/Transmutation            4
   e - Blade Hands                    Transmutation                5
Comestibles
 d - a bread ration


   Skills:
 - Level 1.0 Fighting
 + Level 1.2 Armour
 + Level 2.1 Dodging
 + Level 2.8 Unarmed Combat
 + Level 2.0 Spellcasting
 * Level 2.1 Transmutations


You had 5 spell levels left.
You knew the following spells:

 Your Spells              Type           Power        Failure   Level  Hunger
a - Beastly Appendage     Trmt           #.....       12%         1    ##.....


Dungeon Overview and Level Annotations

Branches:
Dungeon (1/15)

Altars:


Innate Abilities, Weirdness & Mutations

Your flesh is cold resistant.
You sometimes gain a little power by taking damage.


Message History

You are too injured to fight recklessly!
You hit the jackal.
You kill the jackal!
You have reached level 3!
Your experience leads to an increase in your attributes!
Increase (S)trength, (I)ntelligence, or (D)exterity?
You feel agile.
Your demonic ancestry asserts itself...
You feel resistant to cold.
You hit the jackal but do no damage.
You are feeling hungry.
The jackal bites you.
* * * LOW HITPOINT WARNING * * *
The jackal barely misses you.
You closely miss the jackal. The jackal closely misses you.
You closely miss the jackal. The jackal bites you.
* * * LOW HITPOINT WARNING * * *
You hit the jackal.
The jackal is severely wounded.
The jackal barely misses you. The jackal bites you.
You die...

#.##.# #....................
#.##.#####.#.########.######
#.##.........# #...†...
#.##########################
#.........................#.
#########################.#.
#.......#.....#.#.
#.#####.#.###.#.#. #@#
#.#.#...#.#. #h# #.#.#.###.#.
###.#####.#.........
#.......#.#######.##
##############.#.....#...........
...........†..........########.#.
...............................#.
#######...####.#.####..#########.
..........# #.#.# #............


You could see a jackal.

Vanquished Creatures
  A gnoll (D:1)
  3 giant cockroaches (D:1)
  2 goblins (D:1)
  5 jackals (D:1)
  A kobold (D:1)
  2 bats (D:1)
  A giant newt (D:1)
  2 rats (D:1)
17 creatures vanquished.

Notes
Turn   | Place    | Note
--------------------------------------------------------------
     0 | D:1      | Krapule the Demonspawn Transmuter began the quest for the Orb.
     0 | D:1      | Reached XP level 1. HP: 15/15 MP: 3/3
   127 | D:1      | Reached skill level 1 in Armour
   127 | D:1      | Gained mutation: You sometimes gain a little power by taking damage. [demonic ancestry]
   127 | D:1      | Reached XP level 2. HP: 7/21 MP: 3/5
  1035 | D:1      | Gained mutation: Your flesh is cold resistant. [demonic ancestry]
  1035 | D:1      | Reached XP level 3. HP: 7/26 MP: 6/6
  1039 | D:1      | Slain by a jackal

Skill      XL: |  1 |
---------------+----+-----
Transmutations | 2 |  2.1
Armour         | 1 |  1.2
Dodging        | 2 |  2.1
Fighting       | |  1.0
Unarmed Combat | |  2.8
Spellcasting   | |  2.0

Action                   || total
-------------------------++-------
Melee: Unarmed           ||    96
       Kick              ||     1
 Cast: Beastly Appendage ||     1
 Stab: Sleeping          ||     3
Armor: Robe              ||    24
Dodge: Dodged            ||    52
